 Dungeon Crawl Stone Soup version 0.31.0-32-g396128a36d (webtiles) character file.

Game seed: 6984412095571306566

1403 FreeSolo the Charlatan (level 8, -1/55 HPs)
             Began as an Octopode Fighter on Mar 17, 2024.
             Was a Follower of Kikubaaqudgha.
             Killed by nerve-wracking pain
             ... invoked by a shadow imp
              (5 damage)
             ... on level 5 of the Dungeon.
             The game lasted 00:09:29 (5303 turns).

FreeSolo the Charlatan (Octopode Fighter)           Turns: 5303, Time: 00:09:30

Health: -1/55      AC:  1    Str: 15    XL:     8   Next: 69%
Magic:  6/11       EV: 13    Int: 13    God:    Kikubaaqudgha [*.....]
Gold:   341        SH:  4    Dex: 11    Spells: 8/11 levels left

rFire   . . .        d - staff of death {!a}
rCold   . . .        b - +0 buckler
rNeg    + . .        (helmet restricted)
rPois   .            (no amulet)
rElec   .            Z - ring of wizardry
rCorr   .            (no ring)
SInv    .            (no ring)
Will    .....        (no ring)
Stlth   ++           (no ring)
HPRegen 0.29/turn    (no ring)
MPRegen 0.12/turn    (no ring)
                     (no ring)

%: wizardry (x1)
@: no status effects
A: almost no armour, amphibious, 8 rings, camouflage 1, gelatinous body 1,
(nimble swimmer 1), tentacles
a: Renounce Religion, Unearth Wretches


You were on level 5 of the Dungeon.
You worshipped Kikubaaqudgha.
Kikubaaqudgha was aware of your devotion.
You visited 2 branches of the dungeon, and saw 7 of its levels.

You collected 341 gold pieces.


Innate Abilities, Weirdness & Mutations

You cannot wear most types of armour.
You are amphibious.
You can wear up to eight rings at the same time.
Your skin changes colour to match your surroundings (Stealth+).
Your rubbery body absorbs attacks. (AC +1, EV +1)
((You are camouflaged when in or above water. (Stealth+)))
You have tentacles for arms and can constrict up to eight enemies at once.


   Skills:
 + Level 5.2 Fighting
 - Level 2.0(3.7) Polearms
 + Level 5.0(5.2) Staves
 - Level 3.0 Dodging
 - Level 3.0 Shields
 - Level 2.0 Spellcasting
 + Level 5.2 Necromancy
 + Level 5.3 Evocations


You had 8 spell levels left.
You knew the following spells:

 Your Spells              Type           Power      Damage    Failure   Level
v - Vampiric Draining     Necr           22%        2d7       4%          3

Your spell library contained the following spells:

 Spells                   Type           Power      Damage    Failure   Level
 Necrotise                Necr           88%        1d8       1%          1
 Sublimation of Blood     Necr           22%        N/A       2%          2
 Kiss of Death            Conj/Necr      48%        2d9       4%          1
 Fugue of the Fallen      Necr           22%        N/A       4%          3
 Cigotuvi's Dreadful Rot  Necr/Alch/Air  16%        N/A       10%         2
 Apportation              Tloc           2%         N/A       13%         1
 Slow                     Hex            4%         N/A       13%         1
 Sting                    Conj/Alch      4%         1d3       13%         1
 Summon Small Mammal      Summ           4%         N/A       13%         1
 Ensorcelled Hibernation  Hex/Ice        2%         N/A       21%         2
 Confusing Touch          Hex            1%         N/A       36%         3
 Ozocubu's Armour         Ice            1%         N/A       36%         3
 Sigil of Binding         Hex            1%         N/A       36%         3
 Anguish                  Hex/Necr       6%         N/A       41%         4
 Manifold Assault         Tloc           1%         N/A       75%         4

Inventory:

Hand Weapons
 a - a +0 trident
Missiles
 k - 6 curare-tipped darts (quivered) {=f}
Armour
 b - a +0 buckler (worn)
Magical Staves
 d - a staff of death (weapon) {!a}
 x - a staff of earth {!a}
Jewellery
 Z - a ring of wizardry (left tentacle)
Wands
 s - a wand of paralysis (6)
Scrolls
 e - 3 scrolls of teleportation {unknown}
 f - 2 scrolls of enchant armour {unknown}
 g - 2 scrolls of blinking {unknown}
 h - 2 scrolls of fear
 i - 7 scrolls of identify {unknown}
 j - a scroll of amnesia {unknown}
 n - a scroll of butterflies {unknown}
 p - a scroll of poison {unknown}
 q - a scroll of immolation {unknown}
 t - a scroll of fog {unknown}
 v - a scroll of silence {unknown}
Potions
 l - a potion of attraction {unknown}
 m - a potion of curing {unknown}
 o - 2 potions of enlightenment
 r - a potion of heal wounds {unknown}
 u - a potion of brilliance {unknown}
 w - a potion of mutation {unknown}

Dungeon Overview and Level Annotations

Branches:
Dungeon (6/15)             Temple (1/1) D:4

Altars:
Ashenzari
Cheibriados
Dithmenos
Fedhas
Gozag
Kikubaaqudgha
Makhleb
Okawaru
Ru
Sif Muna
Trog
Uskayaw
Vehumet
Wu Jian
Xom
Yredelemnul
Zin
The Shining One

Annotations:
D:5 3 runed translucent doors, jimmypageman's ghost, novice MiFi

#.......# #.# #.# #####^......#
#.# #.# .........####
#.#####.#####
##.###.....####..........<#
#.###...........####.###.#
#..........###.## #.# #.#
#####.....####.# #.# #.#
#.........5#####.# #.#
#######.........@.....###.#####
..........).##.(..............#
............##........###.###.###
###.###.......#..####.###........
###....................######.###
...####.......#.#####..#### #.#
##.# ###...###.# #.....# #.# #.#
#...# #.# ##.##.# #.### ##.##
##### #.# #.##.# #....


You could see a shadow imp.


Message History

* * * LOW HITPOINT WARNING * * *
Casting: Vampiric Draining (dangerous; 4% risk of failure)
Confirm with . or Enter, or press ? or * to list all spells.
Aiming: Vampiric Draining (dangerous; 4% risk of failure)
Press: ? - help, Shift-Dir - straight line, f/p - ogre
Aim: an ogre, wielding a +0 giant club (almost dead)
You feel a surge of power!
You draw life force from the ogre!
You kill the ogre!
Kikubaaqudgha accepts your kill.
You feel life coursing into your body.
Your Staves skill increases to level 5!
The shadow imp attacks as it pursues you!
The shadow imp misses you.
The shadow imp attacks as it pursues you!
The shadow imp hits you.
* * * LOW HITPOINT WARNING * * *
There is a stone staircase leading up here.
You block the shadow imp's attack.
You climb upwards.
Level annotation: 3 runed translucent doors, jimmypageman's ghost, novice MiFi
There is a stone staircase leading down here.
Unknown command.
You closely miss the shadow imp. You grab the shadow imp.
You squeeze the shadow imp.
The shadow imp is heavily wounded.
You constrict the shadow imp. The shadow imp gestures at you.
Pain shoots through your body!
You die...
Kikubaaqudgha rasps: "You have failed me!
Welcome... death!"

Skill      XL: |  1  2  3  4  5  6  7  8 |
---------------+-------------------------+-----
Fighting       | 4 5 |  5.2
Staves         | 2 4 5 |  5.0
Evocations     | 2 4 5 |  5.3
Necromancy     | 3 5 |  5.2
Spellcasting   | 2 |  2.0
Polearms       | |  2.0
Dodging        | |  3.0
Shields        | |  3.0

Action                     |  1- 3 |  4- 6 |  7- 9 || total
---------------------------+-------+-------+-------++-------
  Melee: Trident           |    80 |    65 |    29 ||   174
         Constrict         |    18 |    10 |    23 ||    51
         Tentacles         |     8 |    13 |    27 ||    48
         Punch             |       |     2 |       ||     2
         Staff             |       |       |    72 ||    72
  Throw: Dart              |       |       |     1 ||     1
   Cast: Vampiric Draining |       |       |     2 ||     2
    Use: Potion            |       |     1 |     2 ||     3
         Scroll            |       |       |     1 ||     1
   Stab: Sleeping          |     9 |     2 |     2 ||    13
 Armour: Skin              |    23 |    21 |    56 ||   100
  Dodge: Dodged            |    43 |    30 |    59 ||   132
  Block: Buckler           |    16 |     6 |    22 ||    44

Levels and vault maps discovered:
D:1:      spicycebolla_green_bress_n_ham, layout_basic, minmay_pentomino_t4
D:2:      layout_loops_ring, basic_altar,
          shapermc_ecumenical_altar_mp_highgroup, hangedman_decor_points,
          minmay_indecisive_spiral
D:3:      layout_loops_cross, uniq_sigmund, uniq_ijyb
D:4:      layout_loops_corners, nicolae_ashenzari_panopticon,
          minmay_temple_entry_waves, uniq_duvessa, uniq_pikel
D:5:      layout_loops_ring, mainiacjoe_overflow_alcove_3, gammafunk_ghost_icy
D:6:      cheibrodos_iron_armory, layout_loops_cross,
          minmay_misc_feat_secret_circle, st_stairs_1
Temple:   nicolae_temple_ecumenical_triangle

Notes
Turn   | Place    | Note
-------+----------+-------------------------------------------
     0 | D:1      | FreeSolo the Octopode Fighter began the quest for the Orb.
     0 | D:1      | Reached XP level 1. HP: 16/16 MP: 1/1
   188 | D:1      | Reached XP level 2. HP: 17/21 MP: 2/2
   415 | D:1      | Reached skill level 4 in Fighting
   445 | D:1      | Reached XP level 3. HP: 27/27 MP: 3/3
   698 | D:2      | Found a basalt altar of Yredelemnul.
   807 | D:2      | Found a faded altar of an unknown god.
  1443 | D:3      | Noticed Ijyb
  1445 | D:3      | Noticed Sigmund
  1450 | D:3      | Paralysed by Ijyb for 5 turns
  1461 | D:3      | Paralysed by Ijyb for 3 turns
  1470 | D:3      | Paralysed by Ijyb for 2 turns
  1546 | D:3      | Reached XP level 4. HP: 31/34 MP: 4/4
  2060 | D:3      | Killed Sigmund
  2061 | D:3      | Reached skill level 5 in Fighting
  2061 | D:3      | Reached skill level 2 in Staves
  2061 | D:3      | Reached skill level 2 in Evocations
  2061 | D:3      | Reached XP level 5. HP: 21/39 MP: 5/5
  2061 | D:3      | Reached XP level 6. HP: 25/45 MP: 6/6
  2151 | D:3      | Reached skill level 3 in Evocations
  2340 | D:3      | Paralysed by Ijyb for 2 turns
  2346 | D:3      | Killed Ijyb
  2347 | D:3      | Reached skill level 3 in Staves
  2558 | D:4      | Reached skill level 1 in Necromancy
  2611 | D:4      | Noticed Pikel
  2838 | D:4      | Found a broken altar of Ashenzari.
  2870 | D:4      | Killed Pikel
  2871 | D:4      | Reached skill level 4 in Staves
  2871 | D:4      | Reached skill level 3 in Necromancy
  2871 | D:4      | Reached skill level 4 in Evocations
  2871 | D:4      | Reached XP level 7. HP: 25/50 MP: 7/7
  3179 | D:4      | Reached skill level 5 in Evocations
  3481 | D:4      | Noticed Duvessa
  3493 | D:4      | Noticed Dowan
  3497 | D:4      | Killed Duvessa
  3498 | D:4      | Reached XP level 8. HP: 19/55 MP: 8/8
  3644 | D:4      | Found a staircase to the Ecumenical Temple.
  3652 | Temple   | Entered the Ecumenical Temple
  3661 | Temple   | Became a worshipper of Kikubaaqudgha
  3692 | D:4      | Killed Dowan
  3693 | D:4      | Reached skill level 4 in Necromancy
  4169 | D:5      | Entered Level 5 of the Dungeon
  4198 | D:5      | Found a runed translucent gate.
  4199 | D:5      | Found a runed translucent gate.
  4200 | D:5      | Found a runed translucent gate.
  4439 | D:5      | Reached skill level 5 in Necromancy
  4443 | D:5      | Reached skill level 1 in Spellcasting
  4738 | D:5      | Reached * piety under Kikubaaqudgha
  4738 | D:5      | Received a gift from Kikubaaqudgha
  4884 | D:5      | Found a hide-covered altar of Uskayaw.
  4884 | D:5      | Found an ornate altar of the Wu Jian Council.
  4886 | D:5      | Found a radiant altar of Vehumet.
  4886 | D:5      | Found a glowing golden altar of the Shining One.
  4995 | D:5      | Reached skill level 2 in Spellcasting
  4999 | D:5      | Learned a level 3 spell: Vampiric Draining
  5147 | D:5      | Noticed jimmypageman's ghost (novice MiFi)
  5294 | D:6      | HP: 5/55 [ogre/+0 giant club (26)]
  5296 | D:6      | Reached skill level 5 in Staves
  5300 | D:6      | HP: 3/55 [shadow imp (6)]
  5303 | D:5      | Killed from afar by a shadow imp

Vanquished Creatures
  Pikel (D:4)
  Sigmund (D:3)
  Duvessa (D:4)
  A black bear (D:6)
  An ogre (D:6)
  A lemure (D:4)
  A scorpion (D:4)
  Dowan (D:4)
  A howler monkey (D:5)
  4 hounds
  A sleepcap (D:5)
  An orc wizard (D:5)
  Ijyb (D:3)
  4 gnolls (D:5)
  6 adders
  2 ufetubi (D:5)
  2 dart slugs (D:1)
  A ribbon worm (D:2)
  10 orcs
  5 endoplasms
  3 giant cockroaches
  8 hobgoblins
  4 jackals (D:5)
  2 quokkas
  13 ball pythons
  6 bats
  A frilled lizard (D:2)
  5 goblins
  8 kobolds
  6 rats
102 creatures vanquished.

Vanquished Creatures (others)
  A ball python (D:4)
1 creature vanquished.

Grand Total: 103 creatures vanquished

Table legend: (Time is in decaauts)
 A = Elapsed time spent in this place.
 B = Non-inter-level travel time spent in this place.
 C = Inter-level travel time spent in this place.
 D = Time resting spent in this place.
 E = Time spent auto-exploring this place.
 F = Levels seen in this place.
 G = Mean time per level.
                   A        B        C        D        E       F      G
               +--------+--------+--------+--------+--------+-----+--------+
         Total |   5352 |   5202 |    150 |   1003 |   3346 |   7 |  764.6 |
       Dungeon |   5103 |   4963 |    140 |    775 |   3346 |   6 |  850.5 |
        Temple |    249 |    240 |      9 |    228 |      0 |   1 |  249.0 |
               +--------+--------+--------+--------+--------+-----+--------+

Top non-repeatable levels by time:
     D:4: 1170 daAuts
     D:2: 1110 daAuts
     D:5: 1030 daAuts
     D:3: 978 daAuts
     D:1: 700 daAuts
  Temple: 249 daAuts
     D:6: 113 daAuts

Table legend:
 A = Non-vault XP
 B = Vault XP
 C = Vault XP percentage of total XP
 D = Non-vault monster count
 E = Vault monster count
 F = Vault count percentage of total count
                 A         B        C        D         E       F
            +---------+---------+-------+---------+---------+-------
      Total |     905 |    1100 |  54.9 |      88 |      13 |  12.9
            +---------+---------+-------+---------+---------+-------
        D:1 |      27 |       8 |  22.9 |      15 |       4 |  21.1
        D:2 |      25 |      16 |  39.0 |      13 |       4 |  23.5
        D:3 |      54 |     267 |  83.2 |      20 |       2 |   9.1
        D:4 |     162 |     809 |  83.3 |      14 |       3 |  17.6
        D:5 |     377 |       0 |   0.0 |      24 |       0 |   0.0
        D:6 |     260 |       0 |   0.0 |       2 |       0 |   0.0
            +---------+---------+-------+---------+---------+-------
